AoeStats
← info

Golden Pit

508032229Analyzed
1v1 RM · 12d ago on Sep 20, 2026· 37m 45s· 2 players
Game mode
Random Map
Map size
Tiny (2 player)
Population
200
Speed
Normal
Resources
Standard
Victory
Conquest
Starting age
Dark Age
Ending age
Imperial Age
RankedLock teamsTeams togetherTeam positionsShared explorationLock speedFull tech treeHidden civsTurbo modeCheats
Victory
Defeat
🇵🇹 Portuguese · Portugal
147
+19
🇺🇾 Aztecs · Uruguay
209
-19
info
15:00 Feudal Age
16:20 Wheelbarrow
16:23 Double-Bit Axe
17:28 Horse Collar
17:45 Gold Mining
21:01 Loom
23:09 Stone Mining
26:11 Castle Age
24:30 Fletching
27:23 Bodkin Arrow
27:47 Hand Cart
27:18 Horse Collar
28:16 Bow Saw
31:18 Ballistics
31:11 Masonry
31:48 Murder Holes
correa.gon89
2:36 Loom
12:22 Feudal Age
18:02 Double-Bit Axe
23:12 Castle Age
26:17 Crossbowman
26:18 Elite Skirmisher
26:30 Pikeman
38:10 Wheelbarrow
Connection lost

Rejoining the realm…

Still unreachable

The connection could not be restored.

Session expired

The server has moved on; the page needs a fresh start.